 Dungeon Crawl Stone Soup version 0.22-a0-224-g8cf3520 (webtiles) character file.

2261 sunny1234 the Zephyrmancer (level 9, -7/45 HPs)
             Began as a Tengu Air Elementalist on Feb 18, 2018.
             Killed from afar by an electric eel (8 damage)
             ... with a bolt of electricity
             ... on level 6 of the Dungeon on Feb 19, 2018.
             The game lasted 00:33:27 (7725 turns).

sunny1234 the Zephyrmancer (Tengu Air Elementalist) Turns: 7725, Time: 00:33:27

Health: -7/45      AC: 13    Str:  8    XL:     9   Next: 38%
Magic:  18/18      EV:  4    Int: 18    God:
Gold:   54         SH:  0    Dex: 16    Spells: 6/18 levels left

rFire    + . .     SeeInvis +   H - +8 falchion of the Nine Seas {slice, MR+}
rCold    + . .     Gourm    .   (no shield)
rNeg     . . .     Faith    .   I - +3 chain mail of Nyxaado {rF+ rC+}
rPois    .         Spirit   .   (helmet restricted)
rElec    .         Reflect  .   o - +0 cloak
rCorr    .         Harm     .   l - +0 pair of gloves
MR       +....                  (boots unavailable)
Stlth    ..........             (no amulet)
HPRegen  0.15/turn              p - ring of see invisible
MPRegen  0.16/turn              (no ring)

@: drained
A: beak, talons 3, able to fly 1
a: Fly


You were on level 6 of the Dungeon.
You were not hungry.

You visited 1 branch of the dungeon, and saw 6 of its levels.

You collected 353 gold pieces.
You spent 299 gold pieces at shops.

Inventory:

Hand Weapons
 b - a +0 short sword of speed
 q - a +2 short sword of venom
 B - a +0 shortbow
 H - the +8 falchion of the Nine Seas (weapon) {slice, MR+}
   (You found it on level 6 of the Dungeon)

   It inflicts extra damage upon your enemies.
   It affects your resistance to hostile enchantments.
Missiles
 A - 5 silver tomahawks (quivered)
 C - 56 arrows
Armour
 j - a +0 robe
 l - a +0 pair of gloves (worn)
 o - a +0 cloak (worn)
 I - the +3 chain mail of Nyxaado (worn) {rF+ rC+}
   (You found it on level 6 of the Dungeon)

   It protects you from fire.
   It protects you from cold.
 J - a +0 robe of the Archmagi
Jewellery
 p - a ring of see invisible (left hand)
 s - a cursed ring of loudness
Wands
 t - a wand of random effects (24)
 E - a wand of flame (35)
Scrolls
 d - 4 scrolls of teleportation
 e - 2 scrolls of enchant weapon
 g - 4 scrolls of fear {unknown}
 i - a scroll of immolation {unknown}
 m - 3 scrolls of fog
 n - 3 scrolls of magic mapping {unknown}
 x - 3 scrolls of remove curse
 y - 3 scrolls of identify
 G - 2 scrolls of enchant armour
Potions
 a - 3 potions of resistance
 f - a potion of might {unknown}
 h - 2 potions of lignification
 k - 2 potions of berserk rage
 r - a potion of cancellation {unknown}
 u - a potion of heal wounds {unknown}
 v - 2 potions of degeneration {unknown}
 w - a potion of agility
 z - a potion of mutation {unknown}
 F - a potion of curing {unknown}
Comestibles
 c - 6 rations
 D - 2 chunks of flesh


   Skills:
 + Level 5.4(5.2) Long Blades
 - Level 1.2(1.0) Bows
 - Level 6.3(6.1) Dodging
 - Level 2.0(1.8) Stealth
 - Level 5.3(5.1) Spellcasting
 - Level 7.3(7.1) Conjurations
 - Level 8.2(7.9) Air Magic


You had 6 spell levels left.
You knew the following spells:

 Your Spells              Type           Power        Failure   Level  Hunger
a - Shock                 Conj/Air       ####         75%         1    None
b - Swiftness             Chrm/Air       ###.....     100%        2    #......
c - Lightning Bolt        Conj/Air       ####......   100%        5    ######.
d - Airstrike             Air            ####......   100%        4    ####...


Dungeon Overview and Level Annotations

Branches:
Dungeon (6/15)             Temple (0/1) D:6

Altars:
Ru
Uskayaw
Wu Jian

Shops:
D:6 :?*


Innate Abilities, Weirdness & Mutations

You have a beak for a mouth.
You have claws for feet.
You can fly.


Message History

Moving in this stuff is going to be slow. 2 electric eels come into view.
The centaur unwields an uncursed shortbow.
The centaur hits you but does no damage.
The electric eel shoots out a bolt of lightning at you!
The bolt of electricity hits the plant.
The bolt of electricity hits the centaur.
The bolt of electricity hits you! x2; The centaur hits you.
The centaur wields an uncursed shortbow.
The centaur shoots an arrow.
The arrow hits you.
* * * LOW HITPOINT WARNING * * *
You see here 3 arrows.
The centaur shoots an arrow.
The arrow hits you but does no damage.
The electric eel shoots out a bolt of lightning at you!
The bolt of electricity hits the electric eel.
The electric eel completely resists.
The bolt of electricity hits you!
* * * LOW HITPOINT WARNING * * *
The electric eel shoots out a bolt of lightning at you!
The bolt of electricity hits you!
You die...

##### #...# ###...###
#.......### ###########
.....(.... ..........#
.....<#
..#######.#######(....##
..# #<......@(....≈♣ ..#
##########≈♣.♣;;≈ ..#####
####≈Pc.≈P≈≈≈ ..#...###
#..♣≈≈≈.≈≈≈≈≈
........######.♣♣≈≈≈.≈≈≈≈P
..............♣♣≈≈≈≈.≈≈≈≈≈
........#####♣♣♣≈P≈≈.≈≈≈≈≈
#.#>..#.# ≈≈≈≈≈.≈≈≈♣♣
.######.#### ♣≈≈≈≈≈.PPP♣


You could see a centaur and 2 electric eels.

Vanquished Creatures
  The ghost of RepHenryClay the Cudgeler, an amateur DsGl (D:5)
  Prince Ribbit (D:5)
  A sky beast (D:6)
  2 phantoms
  An ice beast (D:4)
  2 centaurs (D:5)
  2 bullfrogs (D:6)
  A gnoll sergeant (D:6)
  A wyvern skeleton (D:6)
  A water moccasin skeleton (D:4)
  2 scorpions
  2 wights (D:6)
  An electric eel (D:6)
  A crimson imp (D:5)
  3 hounds (D:4)
  6 orc priests
  5 orc wizards
  2 bullfrog skeletons (D:4)
  An iguana (D:4)
  Terence (D:3)
  A worker ant (D:4)
  A worker ant zombie (D:5)
  A howler monkey zombie (D:6)
  7 adders
  5 gnolls (D:6)
  2 oozes
  An adder zombie (D:5)
  3 worms
  2 dart slugs (D:2)
  6 leopard geckos
  23 orcs
  7 giant cockroaches
  9 goblins
  10 hobgoblins
  12 jackals
  4 quokkas
  A ball python (D:3)
  8 bats
  7 frilled lizards
  14 kobolds
  10 rats
171 creatures vanquished.

Vanquished Creatures (others)
  A jackal (D:5)
1 creature vanquished.

Grand Total: 172 creatures vanquished

Notes
Turn   | Place    | Note
-------+----------+-------------------------------------------
     0 | D:1      | sunny1234 the Tengu Air Elementalist began the quest for the Orb.
     0 | D:1      | Reached XP level 1. HP: 10/10 MP: 4/4
    85 | D:1      | Reached XP level 2. HP: 15/15 MP: 3/6
   919 | D:1      | Reached XP level 3. HP: 18/19 MP: 5/7
  1590 | D:1      | Upgraded the game from 0.22-a0-197-g4ac3794 to 0.22-a0-224-g8cf3520
  1847 | D:2      | Reached XP level 4. HP: 21/24 MP: 3/8
  1922 | D:2      | Found a faded altar of an unknown god.
  2738 | D:3      | Gained mutation: You can fly. [Tengu growth]
  2738 | D:3      | Reached XP level 5. HP: 26/28 MP: 7/10
  2767 | D:3      | Learned a level 2 spell: Swiftness
  2773 | D:3      | Learned a level 5 spell: Lightning Bolt
  2852 | D:3      | Reached skill level 5 in Air Magic
  3199 | D:3      | Noticed Terence
  3256 | D:3      | Killed Terence
  3827 | D:4      | Reached XP level 6. HP: 20/32 MP: 6/11
  4317 | D:4      | Reached skill level 6 in Air Magic
  4317 | D:4      | Reached XP level 7. HP: 11/36 MP: 1/13
  4566 | D:4      | Reached skill level 5 in Conjurations
  4657 | D:4      | Learned a level 4 spell: Airstrike
  5169 | D:5      | Entered Level 5 of the Dungeon
  5169 | D:5      | Noticed Prince Ribbit
  5178 | D:4      | Reached skill level 5 in Dodging
  5295 | D:5      | Killed Prince Ribbit
  5295 | D:5      | Reached skill level 7 in Air Magic
  5295 | D:5      | Reached XP level 8. HP: 41/41 MP: 5/15
  5644 | D:5      | Noticed RepHenryClay's ghost (amateur DsGl)
  6215 | D:5      | Killed RepHenryClay's ghost
  6251 | D:5      | Reached skill level 5 in Spellcasting
  6438 | D:5      | Found an ornate altar of the Wu Jian Council.
  6813 | D:6      | Found Toenan's Magic Scroll Boutique.
  6813 | D:6      | Found Biabo's Assorted Antiques.
  6815 | D:6      | Bought a scroll of enchant weapon for 112 gold pieces
  6815 | D:6      | Bought a scroll of remove curse for 45 gold pieces
  6815 | D:6      | Bought a scroll of fog for 30 gold pieces
  6829 | D:6      | Reached skill level 8 in Air Magic
  7010 | D:6      | Reached skill level 1 in Bows
  7010 | D:6      | Reached XP level 9. HP: 26/45 MP: 4/18
  7175 | D:6      | Bought a scroll of enchant armour for 112 gold pieces
  7233 | D:6      | Found a hide-covered altar of Uskayaw.
  7239 | D:6      | Got a crystal falchion
  7240 | D:6      | Identified the +8 falchion of the Nine Seas {slice, MR+} (You found it on level 6 of the Dungeon)
  7243 | D:6      | Found a staircase to the Ecumenical Temple.
  7269 | D:6      | Reached skill level 1 in Long Blades
  7297 | D:6      | Found Cayhyum's Book Emporium.
  7544 | D:6      | Reached skill level 5 in Long Blades
  7560 | D:6      | Got a spiked chain mail
  7571 | D:6      | Identified the +3 chain mail of Nyxaado {rF+ rC+} (You found it on level 6 of the Dungeon)
  7605 | D:6      | Found a sacrificial altar of Ru.
  7725 | D:6      | HP: 1/45 [electric eel/bolt of electricity (12)]
  7725 | D:6      | Killed from afar by an electric eel

Vault maps used:
D:1:      onia_arrival_pentagram, kennysheep_nondescript, minmay_tetromino_o2
D:2:      first_ration, chequers_ecumenical_altar_simple
D:3:      uniq_terence
D:5:      marbit_many_paths, uniq_prince_ribbit1
D:6:      kennysheep_mini_moat, hangedman_ru_absence, tso_altar,
          minmay_temple_entry_statues_fountains, serial_bayou,
          serial_bayou_shore_b, serial_bayou_ford_a, serial_bayou_lagoon_b,
          serial_bayou_pond_b, serial_shops, shop, shop_statue,
          nicolae_shop_behind_doors, shop, minmay_misc_feat_ornament,
          minmay_misc_feat_nine_boxes, nemelex_lonely_heart_becter

Skill      XL: |  1  2  3  4  5  6  7  8  9 |
---------------+----------------------------+-----
Conjurations   | 2 3 4 6 7 |  7.3
Dodging        | 3 4 5 6 |  6.3
Air Magic      | 5 6 7 8 |  8.2
Spellcasting   | 3 4 5 |  5.3
Bows           | 1 |  1.2
Long Blades    | 5 |  5.4
Stealth        | |  2.0

Action                   |  1- 3 |  4- 6 |  7- 9 || total
-------------------------+-------+-------+-------++-------
Melee: Unarmed           |    11 |       |       ||    11
       Kick              |     3 |     7 |    12 ||    22
       Peck              |     3 |     3 |    11 ||    17
       Short sword       |     7 |    39 |    27 ||    73
       Falchion          |       |       |    28 ||    28
Throw: Tomahawk          |       |       |     1 ||     1
 Cast: Shock             |    72 |   130 |   104 ||   306
       Swiftness         |       |     1 |     1 ||     2
       Airstrike         |       |       |    30 ||    30
       Lightning Bolt    |       |       |     2 ||     2
  Use: Scroll            |       |     5 |       ||     5
 Stab: Sleeping          |       |     5 |     1 ||     6
  Eat: Chunk             |     3 |     5 |    10 ||    18
       Ration            |     1 |       |     2 ||     3
Armor: Robe              |     8 |    15 |    15 ||    38
       Chain mail        |       |       |     6 ||     6
Dodge: Dodged            |    38 |    55 |    96 ||   189
       Rpst.: Falchion   |       |       |     7 ||     7

Table legend:
 A = Spawn XP
 B = Non-spawn XP
 C = Spawn XP percentage of total XP
 D = Spawn monster count
 E = Non-spawn monster count
 F = Spawn count percentage of total count
 G = Total turns spent on level
                    A         B        C        D         E        F      G
               +---------+---------+-------+---------+---------+-------+---------
         Total |       0 |    3231 |   0.0 |       0 |     171 |   0.0 |  7725
               +---------+---------+-------+---------+---------+-------+---------
           D:1 |       0 |      58 |   0.0 |       0 |      33 |   0.0 |  1781
           D:2 |       0 |      99 |   0.0 |       0 |      33 |   0.0 |   920
           D:3 |       0 |     104 |   0.0 |       0 |      24 |   0.0 |  1129
           D:4 |       0 |     877 |   0.0 |       0 |      30 |   0.0 |  2382
           D:5 |       0 |     958 |   0.0 |       0 |      17 |   0.0 |   601
           D:6 |       0 |    1135 |   0.0 |       0 |      34 |   0.0 |   912
               +---------+---------+-------+---------+---------+-------+---------
